 Dungeon Crawl Stone Soup version 0.16-a0-3326-gb44eaf1 (webtiles) character file.

423 Gorice the Chopper (level 6, 0/51 HPs)
             Began as a Hill Orc Wanderer on Dec 27, 2014.
             Slain by a sky beast (6 damage)
             ... on level 4 of the Dungeon.
             The game lasted 00:19:14 (3297 turns).

Gorice the Chopper (Hill Orc Wanderer)              Turns: 3297, Time: 00:19:14

Health: 0/51       AC:  8    Str: 19    XL:     6   Next: 95%
Magic:  7/7        EV: 10    Int: 13    God:
Gold:   285        SH:  0    Dex: 10    Spells: 0 memorised, 5 levels left

rFire  . . .     SeeInvis .     a - +2 hand axe
rCold  . . .     Clarity  .     u - +0 scale mail
rNeg   . . .     SustAb   +     (no shield)
rPois  .         Gourm    .     (no helmet)
rElec  .         Spirit   .     s - +0 cloak
rCorr  .         Warding  .     (no gloves)
rMut   .         Stasis   .     (no boots)
MR     .....                    (no amulet)
Stlth  ..........               i - +3 ring of strength
                                g - ring of sustain abilities

@: not resistant to hostile enchantments, extremely unstealthy
A: no striking features
a: no special abilities


You were on level 4 of the Dungeon.
You were not hungry.

You visited 1 branch of the dungeon, and saw 5 of its levels.

You collected 285 gold pieces.

Inventory:

Hand weapons
 a - a +2 hand axe (weapon)
 b - a +0 hunting sling
 w - a +2 dagger of venom
 x - a +0 hand axe
 y - a cursed -1 dagger
 B - a +0 blowgun
 E - a +0 flail
 G - a +1 dagger of protection
Missiles
 p - 43 poisoned needles
 J - 8 bolts of flame
 Z - 106 stones (quivered)
Armour
 n - a +0 ring mail
 s - a +0 cloak (worn)
 u - a +0 scale mail (worn)
Magical staves
 r - an uncursed staff of energy {unknown}
Jewellery
 g - a ring of sustain abilities (left hand)
 i - a +3 ring of strength (right hand)
 o - a +5 ring of dexterity
 A - a +2 ring of dexterity
Scrolls
 f - a scroll of random uselessness
 v - 2 scrolls of immolation
 C - a scroll of enchant armour
 H - a scroll of recharging {unknown}
Potions
 c - a potion of curing
 e - 2 potions of might
 h - a potion of agility
 j - 2 potions of brilliance
 l - a potion of resistance
 m - a potion of restore abilities {unknown}
 q - a potion of haste {unknown}
 t - a potion of poison {unknown}
 z - 2 potions of heal wounds
 F - a potion of lignification {unknown}
 I - a potion of berserk rage {unknown}
Comestibles
 d - 3 meat rations
 k - a slice of pizza
 D - 2 chunks of flesh


   Skills:
 - Level 3.6 Fighting
 * Level 7.9(8.0) Axes
   Level 1.1(4.2) Polearms
 + Level 4.0 Armour
 - Level 1.5 Dodging
   Level 1.1 Shields
   Level 1.0 Evocations


You had 5 spell levels left.
You didn't know any spells.

Dungeon Overview and Level Annotations

Branches:
Dungeon (5/15)
 Temple: D:4-7

Altars:
Ashenzari
Elyvilon
Qazlal

Annotations:
D:3 pUX: OgIE ghost!, Fusha's ghost, experienced OgIE


Message History

The sky beast is almost dead.
The sky beast hits you.
* * * LOW HITPOINT WARNING * * *
The sky beast shocks you.
* * * LOW HITPOINT WARNING * * *
You hit the sky beast.
The sky beast is almost dead.
The sky beast misses you.
You barely miss the sky beast.
The sky beast is almost dead.
The sky beast hits you but does no damage.
You barely miss the sky beast.
The sky beast is almost dead.
The sky beast hits you but does no damage.
You closely miss the sky beast.
The sky beast is almost dead.
The sky beast hits you.
* * * LOW HITPOINT WARNING * * *
The sky beast shocks you.
You die...

#..........## #
##..#.#.##..# #
##..#.#.###.#######
#.................#
#.........#≈##....#
#.......###≈≈#≈#...
##.>....#≈≈≈≈≈≈#...
#Y#...#≈≈#≈≈#≈##..
#@###.#≈≈≈≈≈≈≈≈#..
#.....#≈≈#≈≈≈#≈≈..
#####.##≈≈≈≈≈≈##..
#..≈≈≈≈#≈≈#...
#..###≈≈##≈...
#....##≈≈.....
#.............
######........
#########


You could see a sky beast.

Vanquished Creatures
  2 ogres (D:4)
  A hound (D:4)
  A worker ant (D:4)
  An orc wizard (D:4)
  6 adders
  2 worms (D:2)
  3 giant geckos
  3 oozes
  9 orcs
  13 bats
  9 giant cockroaches
  5 hobgoblins
  7 jackals
  4 ball pythons
  A giant gecko skeleton (D:4)
  5 giant newts
  14 goblins
  A jackal skeleton (D:4)
  7 kobolds
  11 rats
105 creatures vanquished.

Notes
Turn   | Place    | Note
--------------------------------------------------------------
     0 | D:1      | Gorice, the Hill Orc Wanderer, began the quest for the Orb.
     0 | D:1      | Gorice set off with: a +2 hand axe, a +0 ring mail, a potion of curing, a meat ration
     0 | D:1      | Reached XP level 1. HP: 19/19 MP: 1/1
    97 | D:1      | Reached XP level 2. HP: 13/26 MP: 2/2
   219 | D:1      | Reached skill level 1 in Armour
   274 | D:1      | Reached skill level 4 in Axes
   325 | D:1      | Reached XP level 3. HP: 23/31 MP: 3/3
   858 | D:2      | Reached skill level 5 in Axes
   858 | D:2      | Reached XP level 4. HP: 32/39 MP: 4/4
  1004 | D:2      | Found a shattered altar of Ashenzari.
  1004 | D:2      | Found a stormy altar of Qazlal.
  1755 | D:3      | Found a white marble altar of Elyvilon.
  1766 | D:3      | Reached XP level 5. HP: 39/45 MP: 5/5
  2091 | D:3      | Reached skill level 6 in Axes
  2201 | D:3      | Noticed Fusha's ghost (experienced OgIE)
  2650 | D:4      | Noticed an ogre
  2681 | D:4      | Killed an ogre
  2681 | D:4      | Reached skill level 7 in Axes
  2681 | D:4      | Reached XP level 6. HP: 40/51 MP: 7/7
  2839 | D:4      | Noticed an ogre
  2850 | D:4      | Killed an ogre
  3227 | D:5      | Entered Level 5 of the Dungeon
  3297 | D:4      | Slain by a sky beast

Action                   |  1- 3 |  4- 6 || total
-------------------------+-------+-------++-------
Melee: Hand axe          |   144 |   224 ||   368
 Fire: Blowgun           |       |     3 ||     3
Throw: Stone             |    12 |     7 ||    19
  Use: Scroll            |     4 |     7 ||    11
       Potion            |       |     1 ||     1
  Eat: Chunk             |       |     8 ||     8
